 Dungeon Crawl Stone Soup version 0.14-a0-484-gae2d0ec (webtiles) character file.

13261 MackTheKnife the Nimble (level 11, -9/83 HPs)
             Began as a Merfolk Transmuter on Oct 31, 2013.
             Was the Champion of Makhleb.
             Mangled by a basilisk (10 damage)
             ... on Level 11 of the Dungeon.
             The game lasted 00:37:57 (15428 turns).

MackTheKnife the Nimble (Merfolk Transmuter)       Turns: 15428, Time: 00:37:57

HP  -9/83        AC  2     Str 11      XL: 11   Next: 98%
MP  10/16        EV 19     Int 12      God: Makhleb [******]
Gold 507         SH  0     Dex 23      Spells:  3 memorised,  8 levels left

Res.Fire  : . . .   See Invis. : .     - Unarmed
Res.Cold  : . . .   Warding    : .   g - melded +2 leather armour
Life Prot.: . . .   Conserve   : .   (shield currently unavailable)
Res.Poison: x       Res.Corr.  : .   (helmet currently unavailable)
Res.Elec. : .       Clarity    : .   D - melded +0 elf cloak
Sust.Abil.: + .     Spirit.Shd : .   t - melded +0 pair of gloves
Res.Mut.  : .       Stasis     : .   (boots currently unavailable)
Res.Rott. : .       Flight     : .   (no amulet)
Saprovore : . . .                    p - ring of sustain abilities
                                     y - +2 ring of evasion

@: spider-form, petrifying, about to teleport, very slightly contaminated, slow,
somewhat resistant to hostile enchantments, fairly stealthy
A: (change form in water), (swift swim)
a: End Transformation, Minor Destruction, Lesser Servant of Makhleb, Major
Destruction, Greater Servant of Makhleb, Renounce Religion


You were on level 11 of the Dungeon.
You worshipped Makhleb.
Makhleb was exalted by your worship.
You were not hungry.
You were in spider-form.
You visited 2 branches of the dungeon, and saw 12 of its levels.
You also visited: Sewer.

You collected 661 gold pieces.
You spent 154 gold pieces at shops.


   Skills:
 - Level 10.0 Fighting
 - Level 13.7 Dodging
 + Level 10.5 Unarmed Combat
 - Level 2.0 Spellcasting
 - Level 8.4 Transmutations
 - Level 6.1 Poison Magic
 + Level 2.1 Invocations


You had 8 spell levels left.
You knew the following spells:

 Your Spells              Type           Power        Failure   Level  Hunger
x - Spider Form           Trmt/Pois      ###.......   14%         3    ####...
y - Sticks to Snakes      Trmt           ###.......   6%          2    ###....
z - Beastly Appendage     Trmt           ###...       4%          1    ##.....

Inventory:

Hand weapons
 s - a +0,+0 orcish whip of electrocution
 x - the +3,+5 scythe "Finisher" {speed, Str+3}
   (You found it on level 5 of the Dungeon)

   Attacks with this weapon take half as long, but cause slightly less damage.
   It affects your strength (+3).
Missiles
 n - 20 stones (quivered)
Armour
 g - a +2 leather armour (melded)
 t - a +0 pair of gloves (melded)
 D - a +0 elven cloak (melded)
Magical devices
 j - a wand of enslavement (10)
 w - a wand of slowing (9)
 z - a wand of fireball (1)
 C - a wand of disintegration (13)
 E - a wand of cold (4)
 G - a wand of teleportation (2)
 K - a wand of digging (14)
Comestibles
 k - 2 bread rations
 m - 2 meat rations
 u - 2 chokos
 A - 9 slices of pizza
 B - 2 sausages
 H - a chunk of worker ant flesh {@*1}
 J - a royal jelly
Scrolls
 f - a scroll of amnesia
 h - 8 scrolls of teleportation
 i - 3 scrolls of enchant weapon I
 l - 5 scrolls of magic mapping
 v - a scroll of blinking
 F - a scroll of recharging {unknown}
Jewellery
 p - a ring of sustain abilities (right front leg)
 y - a +2 ring of evasion (left front leg)
Potions
 a - 4 potions of heal wounds
 b - a potion of resistance {unknown}
 c - 3 potions of speed
 e - 2 potions of curing
 o - 2 potions of brilliance
 q - a potion of magic
 I - a potion of restore abilities {unknown}
 L - a potion of flight {unknown}
 M - 2 potions of mutation {unknown}
Books
 d - a book of Changes

   Spells                             Type                      Level
   *Beastly Appendage                 Transmutation                1
   *Sticks to Snakes                  Transmutation                2
   *Spider Form                       Transmutation/Poison         3
   Ice Form                           Ice/Transmutation            4
   Blade Hands                        Transmutation                5
 r - a book of Battle

   Spells                             Type                      Level
   Infusion                           Charms                       1
   Shroud of Golubria                 Charms/Translocation         2
   Song of Slaying                    Charms                       2
   Spectral Weapon                    Hexes/Charms                 3
   Regeneration                       Charms/Necromancy            3

▒·▒▒·▒▒·▒▒▒▒▒▒▒·▒ ▒·▒▒·▒▒·▒ ▒·▒
▒▒▒<▒▒·▒▒·▒ ▒·▒
▒▒▒▒▒▒▒▒······▒▒·▒ ▒▒·▒
▒········▒·▒▒▒▒▒·▒ ▒··▒
▒▒▒▒▒▒·▒▒▒▒▒▒▒▒▒▒▒▒▒▒▒▒·▒▒
▒·▒(▒·▒·▒·▒·▒·▒·▒▒·▒
▒·▒▒l▒·▒·▒·▒)▒·▒▒▒·▒ ▒·▒
▒s▒·▒·▒·▒·▒·▒▒·▒
▒▒▒·▒▒▒▒▒▒▒▒▒▒·▒·▒▒▒·▒
▒▒·····▒▒ ▒▒·▒·▒·▒▒·▒
▒·▒▒▒▒▒·······▒▒▒▒▒·▒▒▒·▒▒▒·▒
▒·▒······♣······▒·▒▒▒·▒·▒▒·▒
▒▒······♣▒♣······▒▒ ▒▒·▒▒▒·▒▒▒
▒···♣····♣·[··♣···▒ ▒·▒·▒·····
▒··♣▒♣·······♣▒♣··▒ ▒▒·▒▒··▒▒▒
▒▒···♣·········♣···▒▒▒·▒·▒·····


You could see a basilisk.


Message History

It hits you.
* * * LOW HITPOINT WARNING * * *
The basilisk bites you.
* * * LOW HITPOINT WARNING * * *
You turn to flesh and can move again.
Unknown command.
Unknown command.
Unknown command.
Unknown command.
Unknown command.
Read which item? (? for menu, Esc to quit)
Okay, then.
You miscast Spider Form.
You are very lightly contaminated with residual magic.
Nothing appears to happen.
It barely misses you. The basilisk misses you. It hits you.
* * * LOW HITPOINT WARNING * * *
Unknown command.
You turn into a venomous arachnid creature.
It completely misses you. The basilisk barely misses you.
Unknown command.
You bite it! It closely misses you. It completely misses you.
The basilisk gazes at you.
You are slowing down.
Read which item? (? for menu, Esc to quit)
As you read the scroll of teleportation, it crumbles to dust.
You feel strangely unstable. It barely misses you. The basilisk bites you!
* * * LOW HITPOINT WARNING * * *
The basilisk bites you!
You die...

Action                   |  1- 3 |  4- 6 |  7- 9 | 10-12 || total
-------------------------+-------+-------+-------+-------++-------
Melee: Unarmed           |   118 |   191 |   569 |   865 ||  1743
       Scythe            |       |       |    10 |       ||    10
Throw: Stone             |       |       |       |     1 ||     1
 Cast: Beastly Appendage |     1 |    10 |     5 |     2 ||    18
       Sticks to Snakes  |     2 |       |       |       ||     2
       Spider Form       |       |     8 |    36 |    46 ||    90
 Abil: End Transformatio |       |       |     2 |     5 ||     7
Evoke: Wand              |       |       |     2 |     5 ||     7
  Use: Scroll            |       |     4 |    13 |    10 ||    27
       Potion            |       |       |     2 |     4 ||     6
 Stab: Sleeping          |       |       |     3 |     3 ||     6

Vault maps used:
D:1:      dpeg_entry_sounds_drone, minmay_misc_feat_four_crosses,
          minmay_misc_feat_rows
D:3:      uniq_grinder
D:4:      first_bread, portal_sewer_entry_d, serial_shops, shop_fountains
D:5:      makhleb_grotto_becter, nemelex_xobeh_ov_fountains_minmay
D:6:      zin_angel, lemuel_temple_firewalk_marked
D:7:      erik_orc_1, minmay_crystal_room, uniq_sigmund
D:8:      infiniplex_staircase_pillars_2, xom_obstacle_run, serial_shops, shop,
          grunt_decor_cap, uniq_blork_the_orc, uniq_pikel
D:9:      serial_shops, shop, grunt_pizzeria
D:10:     minivault_29
D:11:     minmay_quantized_circle, lair_0_dummy
Temple:   oiseaux_autumnal_temple_12
Sewer:    sewer_co_purgy_island

Notes
Turn   | Place    | Note
--------------------------------------------------------------
     0 | D:1      | MackTheKnife, the Merfolk Transmuter, began the quest for the Orb.
     0 | D:1      | Reached XP level 1. HP: 15/15 MP: 1/1
   202 | D:1      | Reached XP level 2. HP: 21/21 MP: 3/3
   425 | D:1      | Reached skill level 4 in Unarmed Combat
   663 | D:2      | Reached skill level 3 in Transmutations
  1042 | D:2      | Reached XP level 3. HP: 26/26 MP: 4/4
  1349 | D:3      | Learned a level 3 spell: Spider Form
  1352 | D:3      | Learned a level 2 spell: Sticks to Snakes
  1493 | D:3      | Noticed Grinder
  1677 | D:3      | Noticed an ogre
  1690 | D:3      | Killed an ogre
  1690 | D:3      | Reached skill level 4 in Transmutations
  1690 | D:3      | Reached skill level 1 in Poison Magic
  1690 | D:3      | Reached XP level 4. HP: 32/32 MP: 1/6
  2171 | D:3      | Reached skill level 5 in Unarmed Combat
  2171 | D:3      | Reached XP level 5. HP: 5/37 MP: 7/7
  2527 | D:3      | Reached skill level 2 in Poison Magic
  3360 | D:4      | Noticed Shauncat's ghost (average DjFi)
  3394 | D:4      | Found Ciamn's Weapon Shop.
  3504 | D:5      | Entered Level 5 of the Dungeon
  3537 | D:5      | Found a sparkling altar of Nemelex Xobeh.
  3609 | D:5      | Noticed a sky beast
  3622 | D:5      | Killed a sky beast
  3622 | D:5      | Reached skill level 5 in Transmutations
  3622 | D:5      | Reached skill level 3 in Poison Magic
  3622 | D:5      | Reached XP level 6. HP: 29/43 MP: 6/9
  3678 | D:5      | Noticed a phantom
  3960 | D:5      | Killed a phantom
  4111 | D:5      | Reached skill level 6 in Unarmed Combat
  4111 | D:5      | Reached XP level 7. HP: 48/48 MP: 8/10
  4499 | D:5      | Noticed a sky beast
  4518 | D:5      | Killed a sky beast
  4518 | D:5      | Reached skill level 6 in Transmutations
  4518 | D:5      | Reached skill level 4 in Poison Magic
  5113 | D:4      | Noticed a phantom
  5175 | D:4      | Found a glowing drain.
  5212 | Sewer    | Entered a sewer
  5334 | Sewer    | Noticed Purgy
  5372 | Sewer    | Killed Purgy
  5372 | Sewer    | Reached XP level 8. HP: 55/55 MP: 12/12
  5648 | D:4      | Killed a phantom
  5648 | D:4      | Reached skill level 7 in Unarmed Combat
  5648 | D:4      | Reached skill level 7 in Transmutations
  5648 | D:4      | Reached skill level 5 in Poison Magic
  6118 | D:5      | Found a burning altar of Makhleb.
  6134 | D:5      | Became a worshipper of Makhleb the Destroyer
  6422 | D:6      | Found a glowing silver altar of Zin.
  6422 | D:6      | Noticed an angel
  7163 | D:6      | Reached skill level 8 in Transmutations
  7439 | D:6      | Found a staircase to the Ecumenical Temple.
  7547 | D:6      | Reached skill level 6 in Poison Magic
  7624 | Temple   | Entered the Ecumenical Temple
  7724 | D:6      | Reached skill level 8 in Unarmed Combat
  7830 | D:7      | Noticed Tolias' ghost (experienced SpWr)
  7847 | D:7      | Acquired Makhleb's first power
  8017 | D:7      | Reached skill level 3 in Dodging
  8121 | D:7      | Reached XP level 9. HP: 37/60 MP: 9/13
  8132 | D:7      | Reached skill level 4 in Dodging
  8473 | D:7      | Noticed Sigmund
  8484 | D:7      | Killed Sigmund
  8513 | D:7      | Reached skill level 5 in Dodging
  8566 | D:7      | Gained mutation: You evolve. [potion of beneficial mutation]
  8693 | D:7      | Reached skill level 9 in Unarmed Combat
  8922 | D:7      | Lost mutation: You evolve. [end of evolution]
  9168 | D:7      | Killed Tolias' ghost
  9168 | D:7      | Reached skill level 6 in Dodging
  9319 | D:7      | Acquired Makhleb's second power
  9369 | D:7      | Reached skill level 7 in Dodging
  9543 | D:7      | Reached skill level 10 in Unarmed Combat
  9642 | D:7      | Found a staircase to the Orcish Mines.
  9958 | D:7      | Reached skill level 2 in Fighting
  9958 | D:7      | Reached skill level 8 in Dodging
 10217 | D:7      | Reached skill level 3 in Fighting
 10217 | D:7      | Reached XP level 10. HP: 67/69 MP: 15/15
 10393 | D:8      | Reached skill level 9 in Dodging
 10402 | D:8      | Reached skill level 4 in Fighting
 10466 | D:8      | Acquired Makhleb's third power
 10784 | D:8      | Noticed Blork the orc
 10792 | D:8      | Killed Blork the orc
 10828 | D:8      | Found Stierin's Distillery.
 10851 | D:8      | Bought a potion of heal wounds for 33 gold pieces
 10851 | D:8      | Bought a potion of heal wounds for 33 gold pieces
 10851 | D:8      | Bought a potion of heal wounds for 33 gold pieces
 10961 | D:8      | Bought a potion of decay for 22 gold pieces
 10961 | D:8      | Bought a potion of strong poison for 22 gold pieces
 10961 | D:8      | Bought a potion of poison for 11 gold pieces
 11340 | D:8      | Paralysed by a giant eyeball for 4 turns
 11366 | D:8      | Noticed Pikel
 11403 | D:8      | Killed Pikel
 11403 | D:8      | Reached skill level 5 in Fighting
 11403 | D:8      | Reached skill level 10 in Dodging
 11598 | D:8      | Found a shimmering altar of Xom.
 11680 | D:9      | Acquired Makhleb's fourth power
 11799 | D:9      | Reached skill level 6 in Fighting
 11971 | D:9      | Found Uniys' Food Shop.
 12246 | D:9      | Reached skill level 11 in Dodging
 12455 | D:9      | Reached skill level 7 in Fighting
 12614 | D:10     | Entered Level 10 of the Dungeon
 12653 | D:10     | Noticed a hill giant
 12669 | D:10     | Killed a hill giant
 12669 | D:10     | Reached XP level 11. HP: 70/80 MP: 13/16
 12691 | D:10     | Acquired Makhleb's fifth power
 12826 | D:10     | Reached skill level 12 in Dodging
 12831 | D:10     | Reached skill level 8 in Fighting
 13241 | D:10     | Reached skill level 9 in Fighting
 13466 | D:10     | Reached skill level 13 in Dodging
 14961 | D:10     | Reached skill level 10 in Fighting
 15187 | D:11     | Reached skill level 1 in Invocations
 15396 | D:11     | Reached skill level 2 in Invocations
 15428 | D:11     | HP: 1/83 [basilisk (10)]
 15428 | D:11     | Mangled by a basilisk

Vanquished Creatures
  Pikel (D:8)
  A hill giant (D:10)
  The ghost of Tolias the Slicer, an experienced SpWr (D:7)
  A queen ant (D:10)
  A komodo dragon (D:11)
  2 trolls
  7 yaks (D:10)
  A wyvern (D:9)
  2 hippogriffs
  A hill giant skeleton (D:11)
  A vampire mosquito (D:11)
  2 necrophages (D:9)
  2 manticores (D:10)
  A swamp drake (D:7)
  21 soldier ants
  Purgy (Sewer)
  4 centaurs
  4 sky beasts
  4 phantoms
  2 slaves (D:8)
  6 orc warriors
  A yellow wasp (D:9)
  2 ogres
  Sigmund (D:7)
  Blork the orc (D:8)
  4 giant frogs
  A hippogriff zombie (D:5)
  An eye of draining (D:10)
  11 killer bees
  A troll skeleton (D:7)
  9 wights
  3 quasits
  9 crimson imps
  A gnoll shaman (D:9)
  3 goliath beetles
  A big fish (D:4)
  A centaur skeleton (D:5)
  15 orc wizards
  2 scorpions
  An iguana (D:8)
  6 orc priests
  27 worker ants
  13 gnolls
  9 adders
  A giant mite (D:6)
  An inept feature mimic (D:8)
  5 worms
  An iguana zombie (D:6)
  A scorpion zombie (D:9)
  A giant eyeball (D:8)
  2 oozes (D:2)
  62 orcs
  4 ball pythons
  16 bats
  A bat zombie (D:6)
  3 giant cockroaches
  9 goblins
  14 hobgoblins
  11 jackals
  11 kobolds
  7 quokkas
  A giant cockroach zombie (D:5)
  4 giant geckos
  5 giant newts
  2 giant spores
  A goblin zombie (D:5)
  15 rats
  22 ballistomycetes
389 creatures vanquished.

Vanquished Creatures (collateral kills)
  An ogre (D:3)
1 creature vanquished.

Vanquished Creatures (others)
  A worker ant (D:6)
  An iguana zombie (D:8)
  An orc (D:8)
3 creatures vanquished.

Grand Total: 393 creatures vanquished
